 Dungeon Crawl Stone Soup version 0.17.1-2-g5865329 (webtiles) character file.

1662 Moresty the Ducker (level 8, 0/79 HPs)
             Began as a Troll Fighter on Jan 14, 2016.
             Was a Follower of Okawaru.
             Slain by an orc wizard
             ... wielding the +9 long sword of Prudence {pain, *Noise rPois Int+3 Dex+3}
              (11 damage)
             ... on level 6 of the Dungeon.
             The game lasted 00:19:55 (5379 turns).

Moresty the Ducker (Troll Fighter)                  Turns: 5379, Time: 00:19:57

Health: 0/79       AC:  7    Str: 27    XL:     8   Next: 69%
Magic:  7/7        EV: 10    Int:  4    God:    Okawaru [*.....]
Gold:   253        SH: 10    Dex:  9    Spells: 0 memorised, 7 levels left

rFire  . . .     SeeInvis .       - Unarmed
rCold  + . .     Clarity  .     c - +1 robe {rC+}
rNeg   . . .     SustAt   .     b - +1 shield
rPois  .         Gourm    +     (helmet restricted)
rElec  .         Spirit   .     K - +0 cloak
rCorr  .         Warding  .     (gloves unavailable)
rMut   .         Stasis   .     (boots unavailable)
MR     .....                    (no amulet)
Stlth  +.........               (no ring)
                                (no ring)

@: lethally poisoned (0 -> -1), not resistant to hostile enchantments, very
unstealthy
A: unfitting armour, claws 3, fast metabolism 3, gourmand, regeneration 2,
shaggy fur 1, tough skin 2
a: Heroism, Renounce Religion


You were on level 6 of the Dungeon.
You worshipped Okawaru.
Okawaru was aware of your devotion.
You were very full.

You visited 2 branches of the dungeon, and saw 7 of its levels.

You collected 253 gold pieces.

Inventory:

Hand Weapons
 t - a +1 blowgun
Missiles
 u - 13 poisoned needles
Armour
 a - a +0 robe
 b - a +1 shield (worn)
 c - a +1 robe of cold resistance (worn)
 m - a cursed +0 plate armour
 z - a +0 animal skin
 E - a +0 animal skin
 K - a +0 cloak (worn)
Wands
 x - a wand of slowing (36)
 B - a wand of lightning (7)
 G - a wand of fire (9)
Scrolls
 e - 5 scrolls of recharging
 g - a scroll of random uselessness {unknown}
 n - a scroll of teleportation {unknown}
 o - 2 scrolls of blinking {unknown}
 p - 2 scrolls of remove curse
 v - a scroll of enchant weapon
 y - a scroll of fog
 C - a scroll of noise {unknown}
 F - a scroll of magic mapping {unknown}
 H - a scroll of enchant armour
Potions
 f - a potion of curing
 h - a potion of cancellation
 i - a potion of flight {unknown}
 j - 2 potions of cure mutation {unknown}
 q - 2 potions of poison {unknown}
 r - 2 potions of haste {unknown}
 s - a potion of magic {unknown}
 w - a potion of brilliance {unknown}
 I - a potion of lignification {unknown}
Comestibles
 d - 4 bread rations
 k - 2 chunks of flesh
 l - 5 meat rations
 A - a royal jelly
 D - a beef jerky
 J - 3 fruits


   Skills:
 + Level 4.5 Fighting
 + Level 1.3 Throwing
 + Level 6.3 Dodging
 + Level 1.0 Stealth
 + Level 4.5 Shields
 + Level 5.0 Unarmed Combat
 + Level 0.1 Evocations


You had 7 spell levels left.
You didn't know any spells.

Dungeon Overview and Level Annotations

Branches:
Dungeon (6/15)             Temple (1/1) D:5

Altars:
Ashenzari
Cheibriados
Dithmenos
Gozag
Makhleb
Nemelex Xobeh
Okawaru
Qazlal
Ru
Vehumet
Xom
Yredelemnul
Zin
The Shining One


Innate Abilities, Weirdness & Mutations

You are too large for most types of armour.
You have claws for hands.
Your metabolism is lightning-fast.
You like to eat raw meat.
You heal very quickly.
You are covered in fur (AC +1).
You have very tough skin (AC +2).


Message History

It is a scroll of enchant weapon.
Enchant which weapon? (? for menu, Esc to quit)
Your +0 blowgun glows red for a moment.
You feel sick.
The orc wizard hits you with an iridescent long sword {pain}!
* * * LOW HITPOINT WARNING * * *
You writhe in agony.
* * * LOW HITPOINT WARNING * * *
You block the orc priest's attack. The worker ant barely misses you.
The orc wizard hits you with an iridescent long sword {pain}.
* * * LOW HITPOINT WARNING * * *
You writhe in agony.
* * * LOW HITPOINT WARNING * * *
The crimson imp blinks!
As you read the scroll labeled TIRIVUHA APYKA, it crumbles to dust.
The scroll dissolves into smoke.
It was a scroll of fog.
The worker ant barely misses you.
The orc priest hits you with a falchion.
* * * LOW HITPOINT WARNING * * *
The orc wizard hits you with an iridescent long sword {pain}!
You die...

.......o... #...#
.........## ##..#
.<.......# #.>#
.......oo# ####.#
.........# #....#
.....)...# #....#
......§§s# #....#
.....5§ao# #....#
......§o@######....#
###...§§§§.........#
##################


You could see a worker ant, an orc priest, an orc wizard and a giant cockroach.

Vanquished Creatures
  Pikel (D:5)
  Grinder (D:5)
  A slave (D:5)
  An ice beast (D:4)
  A phantom (D:5)
  7 scorpions (D:5)
  An iguana (D:5)
  A centaur skeleton (D:5)
  A hound (D:6)
  An orc priest (D:5)
  2 worker ants
  Natasha (thrice) (D:3)
  3 orc wizards
  A killer bee zombie (D:5)
  A worker ant zombie (D:5)
  Robin (D:4)
  7 adders
  A gnoll (D:3)
  A shadow imp (D:5)
  3 worms
  3 giant geckos
  17 orcs
  A ball python (D:2)
  4 giant cockroaches
  13 hobgoblins
  7 jackals
  7 kobolds
  5 quokkas
  A ball python skeleton (D:6)
  8 bats
  3 giant newts
  14 goblins
  A quokka zombie (D:6)
  6 rats
  2 fungi (D:5)
131 creatures vanquished.

Vanquished Creatures (others)
  A centaur (D:5)
  A crimson imp (D:5)
  2 jackals (D:5)
  A fungus (D:5)
5 creatures vanquished.

Grand Total: 136 creatures vanquished

Notes
Turn   | Place    | Note
--------------------------------------------------------------
     0 | D:1      | Moresty the Troll Fighter began the quest for the Orb.
     0 | D:1      | Reached XP level 1. HP: 22/22 MP: 0/0
   440 | D:1      | Reached XP level 2. HP: 29/29 MP: 1/1
   494 | D:1      | Found a basalt altar of Yredelemnul.
   848 | D:2      | Reached XP level 3. HP: 36/36 MP: 2/2
  1026 | D:2      | Reached skill level 3 in Dodging
  1127 | D:2      | Found a stormy altar of Qazlal.
  1278 | D:3      | Reached XP level 4. HP: 44/44 MP: 3/3
  1638 | D:3      | Noticed Natasha
  1652 | D:3      | Killed Natasha
  1660 | D:3      | Noticed Natasha
  1664 | D:3      | Killed Natasha
  1740 | D:3      | Found a snail-covered altar of Cheibriados.
  2136 | D:3      | Reached XP level 5. HP: 48/52 MP: 4/4
  2238 | D:3      | Noticed Natasha
  2245 | D:3      | Killed Natasha
  2313 | D:4      | Noticed Robin
  2389 | D:4      | Killed Robin
  2836 | D:4      | Noticed an ice beast
  2849 | D:4      | Killed an ice beast
  2849 | D:4      | Reached skill level 4 in Dodging
  2849 | D:4      | Reached XP level 6. HP: 20/61 MP: 5/5
  3207 | D:5      | Entered Level 5 of the Dungeon
  3466 | D:5      | Noticed Pikel
  3496 | D:5      | Killed Pikel
  3496 | D:5      | Reached skill level 1 in Throwing
  3496 | D:5      | Reached XP level 7. HP: 46/68 MP: 6/6
  3555 | D:5      | Found a staircase to the Ecumenical Temple.
  3566 | Temple   | Entered the Ecumenical Temple
  3670 | Temple   | Became a worshipper of Warmaster Okawaru
  3709 | D:5      | Reached skill level 5 in Dodging
  3765 | D:5      | Noticed Grinder
  3767 | D:5      | Paralysed by something for 5 turns
  3814 | D:5      | Paralysed by Grinder for 7 turns
  3826 | D:5      | Killed Grinder
  3826 | D:5      | Reached skill level 1 in Stealth
  3826 | D:5      | Reached XP level 8. HP: 42/78 MP: 7/7
  4166 | D:5      | Reached * piety under Okawaru
  4414 | D:5      | Reached skill level 6 in Dodging
  4901 | D:5      | Reached skill level 5 in Unarmed Combat
  5278 | D:6      | Found a basalt altar of Yredelemnul.
  5379 | D:6      | Identified the +9 long sword of Prudence {pain, *Noise rPois Int+3 Dex+3}
  5379 | D:6      | Slain by an orc wizard

Action                   |  1- 3 |  4- 6 |  7- 9 || total
-------------------------+-------+-------+-------++-------
Melee: Unarmed           |    86 |   198 |   180 ||   464
 Fire: Blowgun           |       |     8 |       ||     8
Evoke: Wand              |       |     1 |       ||     1
  Use: Potion            |       |       |     3 ||     3
       Scroll            |       |       |     7 ||     7
 Stab: Sleeping          |     1 |       |       ||     1
  Eat: Chunk             |    17 |    17 |    21 ||    55
